 Dungeon Crawl Stone Soup version 0.29.1-1-gd02db6906a (webtiles) character file.

Game seed: 17255655172258262377

527 Icepheonix32 the Covered (level 7, -1/63 HPs)
             Began as a Minotaur Fighter on Sept 19, 2022.
             Slain by Pikel
             ... wielding a +0 whip of flaming
              (3 damage)
             ... on level 4 of the Dungeon.
             The game lasted 00:03:53 (3703 turns).

Icepheonix32 the Covered (Minotaur Fighter)         Turns: 3703, Time: 00:03:53

Health: -1/63      AC:  7    Str: 23    XL:     7   Next: 3%
Magic:  6/6        EV: 10    Int:  5    God:
Gold:   203        SH:  4    Dex:  9    Spells: 6/6 levels left

rFire   . . .      SeeInvis .   t - +2 short sword (elec)
rCold   . . .      Faith    .   c - +0 buckler
rNeg    . . .      Spirit   .   b - +0 scale mail
rPois   .          Reflect  .   (helmet restricted)
rElec   .          Harm     .   (no cloak)
rCorr   .          Rampage  .   (no gloves)
Will    .....                   (no boots)
Stlth   ..........              (no amulet)
HPRegen 0.20/turn               (no ring)
MPRegen 0.10/turn               (no ring)

@: brilliant, about to teleport, attractive
A: horns 2, retaliatory headbutt
a: no special abilities


You were on level 4 of the Dungeon.
You visited 1 branch of the dungeon, and saw 5 of its levels.

You collected 203 gold pieces.

Inventory:

Hand Weapons
 a - a +0 war axe
 d - a +2 dagger of speed
 h - a +3 whip of pain
 t - a +2 short sword of electrocution (weapon)
 x - a +2 falchion of protection
Armour
 b - a +0 scale mail (worn)
 c - a +0 buckler (worn)
 r - a +0 chain mail
 y - a +0 pair of gloves
Jewellery
 l - a ring of protection from cold
 s - a ring of wizardry
Wands
 f - a wand of flame (11)
Scrolls
 e - a scroll of blinking
 g - a scroll of fog
 m - 2 scrolls of fear
 n - a scroll of torment
 u - a scroll of enchant weapon {unknown}
 v - a scroll of poison {unknown}
 w - a scroll of identify
Potions
 i - a potion of flight


   Skills:
 * Level 6.1 Fighting
 + Level 0.1 Short Blades
 - Level 2.9(3.3) Axes
 - Level 2.4(3.1) Maces & Flails
 + Level 6.1 Armour
 + Level 1.8 Dodging
 + Level 0.6 Stealth
 + Level 4.9 Shields


You had 6 spell levels left.
You didn't know any spells.
Your spell library contained the following spells:

 Spells                   Type           Power      Damage    Failure   Level
 Magic Dart               Conj           0%         1d3       85%         1
 Blink                    Tloc           0%         N/A       94%         2
 Call Imp                 Summ           0%         N/A       94%         2
 Ensorcelled Hibernation  Hex/Ice        0%         N/A       94%         2
 Passwall                 Tmut/Erth      0%         N/A       94%         2
 Gell's Gravitas          Tloc           0%         N/A       99%         3
 Lesser Beckoning         Tloc           0%         N/A       99%         3
 Mephitic Cloud           Conj/Pois/Air  0%         N/A       99%         3
 Swiftness                Air            0%         N/A       99%         3
 Teleport Other           Tloc           0%         N/A       99%         3
 Manifold Assault         Tloc           0%         N/A       100%        5
 Dispersal                Tloc           0%         N/A       100%        6


Dungeon Overview and Level Annotations

Branches:
Dungeon (5/15)
 Temple: D:4-7

Altars:
Makhleb

Annotations:
D:4 Pikel


Innate Abilities, Weirdness & Mutations

You have a pair of horns on your head.
You reflexively headbutt those who attack you in melee.


Message History

Pikel hits you with a +0 whip of flaming.
Pikel burns you.
You hit Pikel. You headbutt Pikel!
Pikel is heavily wounded.
Pikel barely misses you. You furiously retaliate!
You headbutt Pikel.
It was a potion of attraction.
You feel attractive to monsters.
Pikel hits you with a +0 whip of flaming!
* * * LOW HITPOINT WARNING * * *
Pikel burns you.
* * * LOW HITPOINT WARNING * * *
It was a potion of curing.
You feel better.
Pikel hits you with a +0 whip of flaming.
* * * LOW HITPOINT WARNING * * *
Pikel burns you.
* * * LOW HITPOINT WARNING * * *
Pikel hits you with a +0 whip of flaming.
* * * LOW HITPOINT WARNING * * *
Pikel burns you.
* * * LOW HITPOINT WARNING * * *
It was a potion of brilliance.
You feel clever all of a sudden. Pikel closely misses you.
You furiously retaliate!
You headbutt Pikel!
You don't know any spells.
Okay, then.
As you read the scroll of teleportation, it crumbles to dust.
You feel strangely unstable. You block Pikel's attack.
You barely miss Pikel. Your headbutt misses Pikel.
Pikel is severely wounded.
Pikel hits you with a +0 whip of flaming.
* * * LOW HITPOINT WARNING * * *
Pikel burns you.
* * * LOW HITPOINT WARNING * * *
Unknown command.
You closely miss Pikel. You headbutt Pikel!
Pikel is almost dead.
Pikel hits you with a +0 whip of flaming!
* * * LOW HITPOINT WARNING * * *
Pikel burns you.
You die...

# ######## # #<....(# # #......#
# #......# #### #......# ##...
###### #......# ###..##
######....####..>...#######...###
................@K..........### #
#######.###..........######## #
#.#...##.......# #
#######...########...##### ###
.........## ###.....# #..
......)..# #.##..# #>.
.........####### #.#..## ##..
.........#.....# #...## ##...
...............# #<.### ##....


You could see Pikel.

Vanquished Creatures
  2 ogres (D:4)
  A phantom (D:4)
  A necrophage (D:4)
  A hound (D:5)
  An orc priest (D:2)
  Robin (D:3)
  4 gnolls (D:3)
  4 adders (D:4)
  3 dart slugs
  13 orcs
  6 endoplasms
  4 giant cockroaches
  13 goblins
  4 hobgoblins
  8 ball pythons
  2 bats
  5 kobolds
  6 rats
79 creatures vanquished.

Notes
Turn   | Place    | Note
-------+----------+-------------------------------------------
     0 | D:1      | Icepheonix32 the Minotaur Fighter began the quest for the
                  | Orb.
     0 | D:1      | Reached XP level 1. HP: 19/19 MP: 0/0
    80 | D:1      | Reached XP level 2. HP: 27/27 MP: 1/1
  1340 | D:2      | Reached XP level 3. HP: 28/33 MP: 2/2
  1874 | D:3      | Reached XP level 4. HP: 29/41 MP: 3/3
  2115 | D:3      | Reached skill level 1 in Maces & Flails
  2275 | D:3      | Noticed Robin
  2282 | D:3      | Killed Robin
  2291 | D:3      | Reached XP level 5. HP: 34/47 MP: 4/4
  2295 | D:3      | Reached skill level 1 in Dodging
  2470 | D:3      | Found a faded altar of an unknown god.
  2697 | D:4      | Noticed an ogre
  2875 | D:4      | Reached skill level 5 in Fighting
  2875 | D:4      | Reached skill level 5 in Armour
  2902 | D:4      | Killed an ogre
  2903 | D:4      | Reached XP level 6. HP: 41/56 MP: 5/5
  3506 | D:4      | Found a burning altar of Makhleb.
  3531 | D:5      | Entered Level 5 of the Dungeon
  3544 | D:5      | Reached XP level 7. HP: 54/63 MP: 6/6
  3649 | D:5      | Noticed Pikel
  3649 | D:5      | Noticed a gargoyle
  3703 | D:4      | HP: 2/63 [Pikel/+0 whip of flaming (7)]
  3703 | D:4      | Slain by Pikel

Illustrated notes

Levels and vault maps discovered:
D:1:      heliophobic_arrival_glass_houses, layout_basic
D:2:      layout_basic, chequers_serial_rivers_marsh, minmay_misc_feat_rows
D:3:      layout_rooms, ebering_ecumenical_altar_petrified, uniq_robin
D:4:      layout_rooms, marbit_many_paths
D:5:      layout_gridville, amcnicky_mini_rare_corridor_liquid, uniq_pikel,
          uniq_sigmund, uniq_grinder, uniq_edmund

Skill      XL: |  1  2  3  4  5  6 |
---------------+-------------------+-----
Fighting       | 4 5 6 |  6.1
Shields        | 4 |  4.9
Armour         | 4 5 6 |  6.1
Maces & Flails | 1 2 |  2.4
Dodging        | 1 |  1.8
Short Blades   | |  0.1
Axes           | |  2.9
Stealth        | |  0.6

Action                   |  1- 3 |  4- 6 |  7- 9 || total
-------------------------+-------+-------+-------++-------
Melee: War axe           |    26 |       |       ||    26
       Headbutt          |     5 |    26 |     3 ||    34
       Whip              |    40 |    65 |       ||   105
       Short sword       |       |    53 |    20 ||    73
  Use: Scroll            |     6 |       |     1 ||     7
       Potion            |     1 |     2 |     4 ||     7
Armor: Scale mail        |    36 |    66 |     7 ||   109
Dodge: Dodged            |    33 |    62 |    14 ||   109
Block: Buckler           |    11 |    22 |     3 ||    36
